 Dungeon Crawl Stone Soup version 0.28.0-47-ge53b351184 (webtiles) character file.

Game seed: 3147816422121501577

1565 TinSoldier the Spear-Bearer (level 8, 0/67 (71) HPs)
             Began as a Demonspawn Gladiator on May 8, 2022.
             Slain by a phantom (1 damage)
             ... on level 6 of the Dungeon.
             The game lasted 00:10:30 (7151 turns).

TinSoldier the Spear-Bearer (Demonspawn Gladiator)  Turns: 7151, Time: 00:10:31

HP:   0/67 (71)     AC: 13    Str: 15    XL:     8   Next: 59%
MP:   8/8           EV: 12    Int: 11    God:
Gold: 47            SH:  0    Dex: 15    Spells: 1/7 levels left

rFire   . . .      SeeInvis .   a - +0 trident
rCold   + . .      Faith    .   (no shield)
rNeg    . . .      Spirit   .   v - +3 leather armour {rC+}
rPois   .          Reflect  .   (helmet restricted)
rElec   .          Harm     .   t - +2 cloak
rCorr   .          Rampage  .   (no gloves)
Will    .....                   n - +0 pair of boots
Stlth   +.........              (no amulet)
HPRegen 0.21/turn               (no ring)
MPRegen 0.11/turn               (no ring)

@: marked, drained, unable to read
A: antennae 1, yellow scales 2, powered by pain 1, robust 1, inability to read
while threatened
a: no special abilities


You were on level 6 of the Dungeon.
You visited 1 branch of the dungeon, and saw 6 of its levels.

You collected 189 gold pieces.
You spent 142 gold pieces at shops.

Inventory:

Hand Weapons
 a - a +0 trident (weapon)
Missiles
 d - 3 throwing nets (quivered)
 q - 12 poisoned darts
Armour
 c - a +0 helmet
 n - a +0 pair of boots (worn)
 t - a +2 cloak (worn)
 v - a +3 leather armour of cold resistance (worn)
Wands
 p - a wand of polymorph (1)
 s - a wand of digging (14)
Scrolls
 b - a scroll of fog {unknown}
 e - a scroll of acquirement {unknown}
 f - a scroll of silence
 h - 4 scrolls of teleportation
 k - a scroll of summoning {unknown}
 r - a scroll of enchant weapon {unknown}
Potions
 g - 2 potions of flight
 i - a potion of lignification {unknown}
 j - 2 potions of curing {unknown}
 l - a potion of attraction {unknown}
 u - 2 potions of heal wounds


   Skills:
 + Level 6.5 Fighting
 * Level 8.6 Polearms
 - Level 1.7 Throwing
 - Level 2.6 Dodging


You had one spell level left.
You knew the following spells:

 Your Spells              Type           Power      Damage    Failure   Level
a - Animate Skeleton      Necr           0%         N/A       41%         1
b - Vampiric Draining     Necr           0%         2d6       78%         3
c - Blink                 Tloc           0%         N/A       54%         2

Your spell library contained the following spells:

 Spells                   Type           Power      Damage    Failure   Level
 Pain                     Necr           0%         1d4       41%         1
 Manifold Assault         Tloc           0%         N/A       100%        5
 Storm Form               Tmut/Air       0%         N/A       100%        7


Dungeon Overview and Level Annotations

Branches:
Dungeon (6/15)
 Temple: D:4-7

Altars:
Gozag
Hepliaklqana
The Shining One

Shops:
D:3 *   D:4 *


Innate Abilities, Weirdness & Mutations

You have a pair of small antennae on your head.
You are mostly covered in yellow scales. (AC +3)
You sometimes gain a little power by taking damage.
You are robust. (+10% HP)
You sometimes lose the ability to read scrolls when taking damage.


Message History

The wight is heavily damaged.
The phantom closely misses you. The wight hits you but does no damage.
The wight hits you with a +0 hand axe.
You feel drained.
The wight hits you with a +0 short sword.
You cannot read scrolls in your current state!
Unknown command.
You barely miss the wight. The phantom hits you.
* * * LOW HITPOINT WARNING * * *
The wight hits you with a +4 hand axe.
* * * LOW HITPOINT WARNING * * *
You feel drained.
* * * LOW HITPOINT WARNING * * *
The wight hits you with a +0 hand axe.
* * * LOW HITPOINT WARNING * * *
The wight barely misses you.
You closely miss the wight.
A sky beast appears from thin air!
Reactivating autopickup.
The phantom hits you but does no damage.
The wight misses you. The wight hits you but does no damage.
The wight closely misses you.
You puncture the wight!
The wight is heavily damaged.
You can read scrolls again.
The wight hits you but does no damage. The phantom closely misses you.
The wight hits you but does no damage.
You barely miss the wight.
The wight is heavily damaged.
The wight hits you with a +0 short sword.
You feel threatened and lose the ability to read scrolls!
* * * LOW HITPOINT WARNING * * *
You feel drained.
* * * LOW HITPOINT WARNING * * *
The wight hits you but does no damage. The phantom closely misses you.
The wight hits you but does no damage.
You hit the wight but do no damage.
The wight is heavily damaged.
The wight closely misses you. The wight hits you with a +4 hand axe.
* * * LOW HITPOINT WARNING * * *
The phantom hits you.
You die...

... ########...
#......O... #..........
### #........# #..
#########.§......#####..
'......5Y§{).........'..
#######W##############..
.....zz@z...............
#######z####............
#.# #............ #.#
#............
#.####.......#####
#............# #
#####........#
............#
#.####.......#####


You could see a phantom, a sky beast, 4 wights and a shadow imp.

Vanquished Creatures
  Prince Ribbit (D:5)
  Menkaure (D:5)
  An ogre (D:5)
  A centaur (D:4)
  A bullfrog (D:6)
  2 scorpions
  A water moccasin zombie (D:5)
  3 wights (D:4)
  A howler monkey (D:4)
  2 jellies (D:6)
  Crazy Yiuf (D:4)
  2 centaur skeletons
  2 hounds (D:5)
  An orc priest (D:5)
  Jessica (D:2)
  An iguana (D:5)
  Natasha (thrice) (D:2 D:3)
  An orc wizard (D:5)
  11 gnolls
  7 adders
  A shadow imp (D:6)
  A white imp (D:5)
  An ufetubus (D:6)
  A worm (D:4)
  5 dart slugs
  14 orcs
  5 ball pythons
  9 endoplasms
  8 giant cockroaches
  5 goblins
  10 hobgoblins
  4 jackals
  A quokka (D:1)
  5 bats
  3 frilled lizards
  4 kobolds
  9 rats
130 creatures vanquished.

Vanquished Creatures (others)
  A plant (D:4)
1 creature vanquished.

Grand Total: 131 creatures vanquished

Notes
Turn   | Place    | Note
-------+----------+-------------------------------------------
     0 | D:1      | TinSoldier the Demonspawn Gladiator began the quest for the
                  | Orb.
     0 | D:1      | Reached XP level 1. HP: 16/16 MP: 1/1
   126 | D:1      | Reached skill level 3 in Polearms
   129 | D:1      | Gained mutation: You sometimes gain a little power by
                  | taking damage. [demonic ancestry]
   129 | D:1      | Reached XP level 2. HP: 13/22 MP: 2/2
   708 | D:1      | Gained mutation: You are partially covered in yellow
                  | scales. (AC +2) [demonic ancestry]
   708 | D:1      | Reached XP level 3. HP: 28/28 MP: 3/3
   917 | D:1      | Found a faded altar of an unknown god.
  1640 | D:2      | Reached skill level 4 in Polearms
  1640 | D:2      | Reached XP level 4. HP: 24/35 MP: 4/4
  1766 | D:2      | Noticed Natasha
  1778 | D:2      | Killed Natasha
  1891 | D:2      | Noticed Jessica
  1894 | D:2      | Killed Jessica
  1895 | D:2      | Reached XP level 5. HP: 35/41 MP: 5/5
  2057 | D:2      | Noticed Natasha
  2060 | D:2      | Gained mutation: You sometimes lose the ability to read
                  | scrolls when taking damage. [potion of mutation]
  2060 | D:2      | Gained mutation: You are robust. (+10% HP) [potion of
                  | mutation]
  2116 | D:3      | Killed Natasha
  2480 | D:3      | Noticed Natasha
  2878 | D:2      | Reached skill level 5 in Polearms
  2931 | D:3      | Killed Natasha
  3072 | D:3      | Found Qoripuma's General Store.
  3081 | D:3      | Bought a scroll of identify for 22 gold pieces
  3124 | D:3      | Gained mutation: You have a pair of small antennae on your
                  | head. [demonic ancestry]
  3124 | D:3      | Reached XP level 6. HP: 52/52 MP: 6/6
  3233 | D:3      | Found an opulent altar of Gozag.
  3292 | D:3      | Found a hazy altar of Hepliaklqana.
  3640 | D:4      | Found a runed translucent door.
  3641 | D:4      | Noticed Crazy Yiuf
  3660 | D:4      | Killed Crazy Yiuf
  4409 | D:4      | Reached skill level 6 in Polearms
  4418 | D:4      | Gained mutation: You are mostly covered in yellow scales.
                  | (AC +3) [demonic ancestry]
  4418 | D:4      | Reached XP level 7. HP: 18/58 MP: 7/7
  4767 | D:4      | Learned a level 1 spell: Animate Skeleton
  4771 | D:4      | Learned a level 3 spell: Vampiric Draining
  4774 | D:4      | Learned a level 2 spell: Blink
  4986 | D:4      | Found Kuogyem's Assorted Antiques.
  4996 | D:4      | Bought a glowing leather armour for 120 gold pieces
  5134 | D:5      | Entered Level 5 of the Dungeon
  5255 | D:5      | Noticed Menkaure
  5265 | D:5      | Killed Menkaure
  5266 | D:5      | Reached skill level 5 in Fighting
  5266 | D:5      | Reached skill level 7 in Polearms
  5600 | D:5      | Noticed Prince Ribbit
  5616 | D:5      | Killed Prince Ribbit
  5617 | D:5      | Reached XP level 8. HP: 29/70 MP: 8/8
  6135 | D:5      | Reached skill level 8 in Polearms
  7151 | D:6      | HP: 1/67 [wight/+4 hand axe (5)]
  7151 | D:6      | Slain by a phantom

Illustrated notes

Levels and vault maps discovered:
D:1:      minmay_arrival_arboretum_small, layout_rooms,
          shapermc_ecumenical_altar_petra, minmay_tromino_i4
D:2:      layout_basic, uniq_natasha, uniq_jessica
D:3:      layout_loops_cross, lemuel_coloured_pillars_altar,
          nicolae_gozag_seed_capital, serial_shops, shop
D:4:      layout_layer_cave, tso_oasis_becter, serial_shops,
          kennysheep_mini_moat, uniq_crazy_yiuf_cottage
D:5:      layout_loops_cross, uniq_prince_ribbit1, uniq_menkaure
D:6:      layout_basic

Skill      XL: |  1  2  3  4  5  6  7  8 |
---------------+-------------------------+-----
Polearms       | 3 4 5 6 7 8 |  8.6
Fighting       | 3 4 5 6 |  6.5
Throwing       | |  1.7
Dodging        | |  2.6

Action                   |  1- 3 |  4- 6 |  7- 9 || total
-------------------------+-------+-------+-------++-------
Melee: Trident           |   145 |   183 |   241 ||   569
       Punch             |       |     4 |     4 ||     8
       Unarmed           |       |     1 |       ||     1
  Use: Scroll            |       |     3 |     4 ||     7
       Potion            |       |     4 |       ||     4
 Stab: Sleeping          |       |       |     1 ||     1
Armor: Leather armour    |    39 |     1 |    93 ||   133
       Skin              |       |     9 |       ||     9
       Scale mail        |       |    82 |     8 ||    90
Dodge: Dodged            |    75 |   100 |   110 ||   285
